 Dungeon Crawl Stone Soup version 0.24-a0-489-g1c7b743a30 (webtiles) character file.

Game seed: 14097076469493432663

555 KristoblXynda the Slasher (level 7, -1/60 HPs)
             Began as a Purple Draconian Gladiator on July 11, 2019.
             Was an Initiate of Gozag.
             Killed from afar by Ijyb (9 damage)
             ... with a puff of flame
             ... on level 4 of the Dungeon.
             The game lasted 00:06:11 (4519 turns).

KristoblXynda the Slasher (DrGl)                    Turns: 4519, Time: 00:06:11

Health: -1/60      AC:  6    Str: 16    XL:     7   Next: 8%
Magic:  7/7        EV: 14    Int: 10    God:    Gozag
Gold:   215        SH:  0    Dex: 13    Spells: 6/6 levels left

rFire    . . .     SeeInvis .   a - +0 long sword
rCold    . . .     Gourm    .   (no shield)
rNeg     . . .     Faith    .   (armour unavailable)
rPois    +         Spirit   .   b - +0 hat
rElec    .         Reflect  .   (no cloak)
rCorr    .         Harm     .   (no gloves)
MR       +....                  (no boots)
Stlth    +.........             (no amulet)
HPRegen  0.20/turn              e - ring of poison resistance
MPRegen  0.10/turn              (no ring)

@: short of breath
A: breathe power, unfitting armour, cold-blooded, AC +6
a: Breathe Dispelling Energy, Potion Petition, Call Merchant, Bribe Branch,
Renounce Religion


You were on level 4 of the Dungeon.
You worshipped Gozag.
Gozag was aware of your devotion.
You were not hungry.

You visited 1 branch of the dungeon, and saw 4 of its levels.

You collected 307 gold pieces.
You paid 92 gold pieces to Gozag.

Inventory:

Hand Weapons
 a - a +0 long sword (weapon)
Missiles
 c - 5 throwing nets (quivered)
Armour
 b - a +0 hat (worn)
Jewellery
 e - a ring of poison resistance (left hand)
 j - an uncursed ring of flight
 s - an uncursed ring of protection from magic {unknown}
Wands
 v - a wand of disintegration (7)
Scrolls
 g - a scroll of random uselessness {unknown}
 h - a scroll of enchant armour {unknown}
 i - a scroll of magic mapping
 m - 2 scrolls of immolation
 n - a scroll of teleportation
 r - a scroll of enchant weapon {unknown}
Potions
 f - a potion of brilliance
 k - 2 potions of curing
 l - a potion of ambrosia {unknown}
 o - a potion of heal wounds
 p - a potion of mutation {unknown}
 q - 2 potions of flight {unknown}
 t - a potion of invisibility {unknown}
 u - a potion of agility {unknown}
Comestibles
 d - 5 rations


   Skills:
 + Level 4.5 Fighting
 * Level 6.1 Long Blades
 - Level 2.0 Throwing
 + Level 4.3 Dodging


You had 6 spell levels left.
You didn't know any spells.
Your spell library was empty.

Dungeon Overview and Level Annotations

Branches:
Dungeon (4/15)
 Temple: D:4-7

Altars:
Gozag
Kikubaaqudgha
Sif Muna
Vehumet

Annotations:
D:4 Ijyb


Innate Abilities, Weirdness & Mutations

You can breathe bolts of dispelling energy.
Your rich purple scales are hard. (AC +6)
You cannot fit into any form of body armour.
You are cold-blooded and may be slowed by cold attacks.


Message History

Aim: Ijyb, wielding a +7 club, wearing a +0 leather armour and carrying a wand of flame (14)
You breathe a bolt of dispelling energy.
The bolt of dispelling energy hits Ijyb.
Ijyb is moderately wounded.
You feel somewhat more hungry. Ijyb hits you with a +7 club!
You hit Ijyb.
Ijyb is moderately wounded.
Ijyb closely misses you.
You closely miss Ijyb.
Ijyb is moderately wounded.
Ijyb hits you but does no damage.
You barely miss Ijyb.
Your tail-slap misses Ijyb.
Ijyb is moderately wounded.
Ijyb zaps a wand.
The puff of flame hits you!
* * * LOW HITPOINT WARNING * * *
You slash Ijyb!
Your tail-slap misses Ijyb.
Ijyb is heavily wounded.
Ijyb zaps a wand.
The puff of flame hits you!
You die...
Your body crumbles into a pile of gold.

***## ##### **,,.# ##...####
*,,..# #.......# **,..#*#
###......#####.##.##
#.........##[......# #
###................####### ###
###.........@g.....##.##.##
#.###.....##........####...#..#
...##.....##......### #.......#
..........##..^...## ##......#
#.....###.##.......### ###...###
......###.##.##<.....###.......#
.(..#..#..##.##......##.......##
#...#.....##.#................#
##...........#...#...#...##..##


You could see Ijyb.

Vanquished Creatures
  An ogre (D:4)
  A hound (D:4)
  2 bullfrog skeletons (D:4)
  An orc priest (D:3)
  An orc wizard (D:3)
  A worker ant (D:4)
  7 adders
  7 gnolls (D:3)
  A shadow imp (D:3)
  8 oozes
  4 worms
  5 dart slugs
  3 leopard geckos
  8 orcs (D:3)
  10 bats
  2 giant cockroaches (D:1)
  6 goblins
  5 hobgoblins
  11 jackals
  3 kobolds
  4 quokkas
  8 frilled lizards
  15 rats
114 creatures vanquished.

Notes
Turn   | Place    | Note
-------+----------+-------------------------------------------
     0 | D:1      | KristoblXynda the Draconian Gladiator began the quest for
                  | the Orb.
     0 | D:1      | Reached XP level 1. HP: 17/17 MP: 1/1
     1 | D:1      | Found a runed translucent door.
    77 | D:1      | Reached XP level 2. HP: 10/25 MP: 2/2
   631 | D:1      | Reached XP level 3. HP: 30/30 MP: 3/3
  1047 | D:1      | Reached skill level 4 in Long Blades
  1047 | D:1      | Reached XP level 4. HP: 30/38 MP: 4/4
  1896 | D:2      | Found an ancient bone altar of Kikubaaqudgha.
  2059 | D:2      | Found a radiant altar of Vehumet.
  2059 | D:2      | Found a deep blue altar of Sif Muna.
  2102 | D:3      | Reached XP level 5. HP: 36/45 MP: 5/5
  2585 | D:3      | Reached skill level 5 in Long Blades
  2888 | D:3      | Reached XP level 6. HP: 30/52 MP: 6/6
  3972 | D:4      | Reached skill level 6 in Long Blades
  3972 | D:4      | Your scales start taking on a rich purple colour.
  3972 | D:4      | Reached XP level 7. HP: 11/60 MP: 7/7
  4268 | D:4      | Found an opulent altar of Gozag.
  4338 | D:4      | Became a worshipper of Gozag Ym Sagoz the Greedy
  4507 | D:4      | Noticed Ijyb
  4519 | D:4      | Killed from afar by Ijyb

Levels and vault maps discovered:
D:1:      dpeg_arrival_caged_fury, layout_loops_ring
D:2:      layout_basic, marbit_many_paths,
          chequers_temple_overflow_statue_of_worship
D:3:      layout_rooms
D:4:      layout_cave_pools, lemuel_round_altar, uniq_ijyb

Skill      XL: |  1  2  3  4  5  6 |
---------------+-------------------+-----
Throwing       | 2 |  2.0
Dodging        | 3 4 |  4.3
Fighting       | 3 4 |  4.5
Long Blades    | 4 5 6 |  6.1

Action                   |  1- 3 |  4- 6 |  7- 9 || total
-------------------------+-------+-------+-------++-------
Melee: Long sword        |    91 |   242 |    13 ||   346
       Tailslap          |    16 |    35 |     1 ||    52
 Abil: Breathe Dispellin |       |       |     1 ||     1
  Use: Potion            |       |     1 |       ||     1
       Scroll            |       |     3 |     2 ||     5
 Stab: Sleeping          |       |     2 |       ||     2
  Eat: Chunk             |       |    10 |     1 ||    11
       Ration            |       |       |     1 ||     1
Armor: Skin              |    23 |    66 |     3 ||    92
Dodge: Dodged            |    55 |   189 |     4 ||   248
       Rpst.: Long sword |    19 |    57 |     1 ||    77

Table legend:
 A = Non-vault XP
 B = Vault XP
 C = Vault XP percentage of total XP
 D = Non-vault monster count
 E = Vault monster count
 F = Vault count percentage of total count
                 A         B        C        D         E       F
            +---------+---------+-------+---------+---------+-------
      Total |     722 |      72 |   9.1 |      97 |      17 |  14.9
            +---------+---------+-------+---------+---------+-------
        D:1 |      50 |      70 |  58.3 |      27 |      16 |  37.2
        D:2 |      56 |       2 |   3.4 |      21 |       1 |   4.5
        D:3 |     323 |       0 |   0.0 |      43 |       0 |   0.0
        D:4 |     293 |       0 |   0.0 |       6 |       0 |   0.0
            +---------+---------+-------+---------+---------+-------
